 Dungeon Crawl Stone Soup version 0.20.1-1-g8b1a95d (webtiles) character file.

271 Linguinho the Chopper (level 6, 0/47 HPs)
             Began as a Demonspawn Fighter on Nov 11, 2017.
             Slain by an ogre
             ... wielding a +0 giant club
              (19 damage)
             ... on level 5 of the Dungeon.
             The game lasted 00:03:57 (3407 turns).

Linguinho the Chopper (Demonspawn Fighter)          Turns: 3407, Time: 00:03:58

Health: 0/47       AC: 12    Str: 18    XL:     6   Next: 2%
Magic:  11/15      EV:  7    Int:  9    God:
Gold:   399        SH:  9    Dex: 13    Spells: 5/5 levels left

rFire    . . .     SeeInvis .   a - +0 war axe
rCold    . . .     Gourm    .   c - +0 shield
rNeg     . . .     Faith    .   C - +3 scale mail "Moipruzu" {*Contam MP+9 Stlth+}
rPois    .         Spirit   .   (helmet restricted)
rElec    .         Reflect  .   D - +1 cloak
rCorr    .         Harm     .   (no gloves)
MR       .....                  (no boots)
Stlth    +.........             (no amulet)
Regen    0.2/turn               (no ring)
MPRegen  0.2/turn               (no ring)

@: no status effects
A: horns 2
a: no special abilities


You were on level 5 of the Dungeon.
You were not hungry.

You visited 1 branch of the dungeon, and saw 5 of its levels.

You collected 399 gold pieces.

Inventory:

Hand Weapons
 a - a +0 war axe (weapon)
Armour
 b - a +0 scale mail
 c - a +0 shield (worn)
 j - a +0 cloak
 k - a +0 plate armour
 C - the +3 scale mail "Moipruzu" (worn) {*Contam MP+9 Stlth+}
   (You found it on level 5 of the Dungeon)

   It affects your magic capacity (+9).
   It causes magical contamination when unequipped.
   It makes you more stealthy.
 D - a +1 cloak (worn)
Wands
 v - a wand of enslavement (12/24)
Scrolls
 g - 3 scrolls of teleportation {unknown}
 i - 2 scrolls of random uselessness {unknown}
 l - 5 scrolls of remove curse {unknown}
 m - a scroll of enchant armour {unknown}
 o - 3 scrolls of identify {unknown}
 s - a scroll of recharging {unknown}
 y - a scroll of fear {unknown}
 z - a scroll of immolation {unknown}
 E - a scroll of noise {unknown}
Potions
 d - 2 potions of might
 e - a potion of mutation {unknown}
 h - a potion of agility {unknown}
 n - a potion of berserk rage {unknown}
 p - a potion of flight {unknown}
 q - a potion of cancellation {unknown}
 t - a potion of magic {unknown}
 A - a potion of degeneration {unknown}
 B - a potion of curing {unknown}
Books
 w - a book of Changes

   Spells                             Type                      Level
   a - Beastly Appendage              Transmutation                1
   b - Sticks to Snakes               Transmutation                2
   c - Spider Form                    Transmutation/Poison         3
   d - Ice Form                       Ice/Transmutation            4
   e - Blade Hands                    Transmutation                5
Comestibles
 f - 6 bread rations
 r - 2 royal jellies
 u - 4 fruits
 x - 3 meat rations


   Skills:
 + Level 3.5 Fighting
 + Level 4.0 Axes
 + Level 3.7 Armour
 + Level 3.7 Shields


You had 5 spell levels left.
You didn't know any spells.

Dungeon Overview and Level Annotations

Branches:
Dungeon (5/15)             Temple (0/1) D:5

Altars:
Gozag
Kikubaaqudgha
Okawaru
Ru
Sif Muna


Innate Abilities, Weirdness & Mutations

You have a pair of horns on your head.


Message History

A hippogriff is nearby!
Your shield prevents you from hitting the hippogriff.
The hippogriff bites you but does no damage.
The hippogriff pecks you but does no damage.
The hippogriff claws you but does no damage.
You hit the hippogriff.
The hippogriff is lightly wounded.
The hippogriff bites you. The hippogriff pecks you.
The hippogriff claws you but does no damage.
You block the hippogriff's attack.
The hippogriff pecks you but does no damage.
The hippogriff claws you but does no damage.
The ogre hits you with a giant club!
You barely miss the ogre. The ogre hits you with a giant club!
Your shield and scale mail "Moipruzu" prevent you from hitting the ogre.
The ogre hits you but does no damage.
You slash the ogre!
The ogre is moderately wounded.
The ogre hits you with a giant club!!
You die...

#........# ##. #........#
#.. #........# ####..
#........#####....###.
#####........ #...........
......# #..# #.##........
......###..## #.##........
............###.##........
......#..##.....@OH.......
......#...#.#.####........
..............# ......###
####.#..#...#.. .....##
###.#.............##.#
##........#.##...... .#
....##.####.......PP ..
.#..#..# ###...).>. #
...##.######...#P


You could see a hippogriff and an ogre.

Vanquished Creatures
  A crimson imp (D:5)
  A centaur zombie (D:5)
  A centaur skeleton (D:4)
  An orc wizard (D:5)
  An iguana (D:4)
  5 adders
  An ooze (D:3)
  3 worms
  3 dart slugs
  2 leopard geckos
  An orc (D:4)
  6 bats
  3 giant cockroaches
  9 goblins
  4 hobgoblins
  2 jackals (D:5)
  2 ball pythons (D:3)
  8 frilled lizards
  6 kobolds
  A quokka zombie (D:5)
  5 rats
66 creatures vanquished.

Notes
Turn   | Place    | Note
-------+----------+-------------------------------------------
     0 | D:1      | Linguinho the Demonspawn Fighter began the quest for the Orb.
     0 | D:1      | Reached XP level 1. HP: 18/18 MP: 1/1
   524 | D:1      | Gained mutation: You have a pair of small horns on your head. [demonic ancestry]
   524 | D:1      | Reached XP level 2. HP: 24/24 MP: 2/2
   552 | D:1      | Reached skill level 2 in Axes
  1219 | D:2      | Reached XP level 3. HP: 24/29 MP: 3/3
  1423 | D:2      | Found an opulent altar of Gozag.
  1636 | D:2      | Found a sacrificial altar of Ru.
  1734 | D:2      | Found a deep blue altar of Sif Muna.
  1778 | D:2      | Found a faded altar of an unknown god.
  1990 | D:3      | Reached XP level 4. HP: 35/35 MP: 4/4
  2564 | D:3      | Found an ancient bone altar of Kikubaaqudgha.
  2564 | D:3      | Found an iron altar of Okawaru.
  2895 | D:4      | Reached skill level 3 in Axes
  2933 | D:4      | Reached XP level 5. HP: 40/41 MP: 5/5
  3258 | D:5      | Entered Level 5 of the Dungeon
  3264 | D:5      | Got an encrusted scale mail
  3349 | D:5      | Reached skill level 4 in Axes
  3356 | D:5      | Gained mutation: You have a pair of horns on your head. [demonic ancestry]
  3356 | D:5      | Reached XP level 6. HP: 39/47 MP: 6/6
  3370 | D:5      | Identified the +3 scale mail "Moipruzu" {*Contam MP+9 Stlth+} (You found it on level 5 of the Dungeon)
  3393 | D:5      | Found a staircase to the Ecumenical Temple.
  3399 | D:5      | Noticed a hippogriff
  3407 | D:5      | Slain by an ogre

Skill      XL: |  1  2  3  4  5 |
---------------+----------------+-----
Axes           | 2 3 4 |  4.0
Armour         | 3 |  3.7
Shields        | 3 |  3.7
Fighting       | |  3.5

Action                   |  1- 3 |  4- 6 || total
-------------------------+-------+-------++-------
Melee: War axe           |   122 |   126 ||   248
       Headbutt          |    17 |    24 ||    41
  Eat: Chunk             |     3 |     5 ||     8
Armor: Scale mail        |     6 |     6 ||    12
       Plate armour      |    75 |    86 ||   161
Dodge: Dodged            |    10 |    13 ||    23
Block: Shield            |    62 |    64 ||   126
